 Dungeon Crawl Stone Soup version 0.27.1-3-gb3d3a73c9e (webtiles) character file.

Game seed: 1194143273041249970

82 CuBeRJAN3 the Magician (level 4, -6/25 HPs)
             Began as a Deep Elf Fire Elementalist on Oct 7, 2021.
             Mangled by a gnoll (16 damage)
             ... on level 1 of the Dungeon.
             The game lasted 00:07:33 (2624 turns).

CuBeRJAN3 the Magician (Deep Elf Fire Elementalist) Turns: 2624, Time: 00:07:34

Health: -6/25      AC:  3    Str:  5    XL:     4   Next: 21%
Magic:  12/12      EV: 12    Int: 21    God:
Gold:   53         SH:  0    Dex: 15    Spells: 0/11 levels left

rFire    . . .     SeeInvis .   b - +2 dagger (speed)
rCold    . . .     Faith    .   (no shield)
rNeg     . . .     Spirit   .   a - +0 robe
rPois    .         Reflect  .   (no helmet)
rElec    .         Harm     .   (no cloak)
rCorr    .         Rampage  .   i - +0 pair of gloves
Will     .....                  (no boots)
Stlth    ++........             (no amulet)
HPRegen  0.08/turn              (no ring)
MPRegen  0.13/turn              (no ring)

@: no status effects
A: no striking features
a: no special abilities


You were on level 1 of the Dungeon.
You visited 1 branch of the dungeon, and saw 2 of its levels.

You collected 53 gold pieces.

Inventory:

Hand Weapons
 b - a +2 dagger of speed (weapon)
Armour
 a - a +0 robe (worn)
 i - a +0 pair of gloves (worn)
Scrolls
 d - a scroll of blinking {unknown}
 e - 4 scrolls of identify {unknown}
 f - a scroll of enchant weapon {unknown}
 g - a scroll of teleportation {unknown}
Potions
 c - a potion of curing {unknown}
 h - a potion of flight {unknown}


   Skills:
 * Level 1.3 Fighting
 - Level 2.4 Dodging
 + Level 3.0 Stealth
 * Level 4.2 Spellcasting
 + Level 1.8 Conjurations
 + Level 1.4 Hexes
 + Level 3.5 Fire Magic


You couldn't memorise any spells.
You knew the following spells:

 Your Spells              Type           Power      Damage    Failure   Level
a - Foxfire               Conj/Fire      60%        2x1d7     3%          1
b - Conjure Flame         Conj/Fire      15%        6-21      12%         3
c - Inner Flame           Hex/Fire       14%        N/A       13%         3
d - Sticky Flame          Conj/Fire      15%        2d4       36%         4

Your spell library contained the following spells:

 Spells                   Type           Power      Damage    Failure   Level
 Fireball                 Conj/Fire      7%         3d5       71%         5


Dungeon Overview and Level Annotations

Branches:
Dungeon (2/15)

Altars:


Message History

Press: ? - help, Shift-Dir - straight line, f - gnoll
Aim: a gnoll, wielding a +4 whip of electrocution (wandering, hasn't noticed you, chance to affect: 76%)
The gnoll shouts!
The gnoll barely resists.
You hear a shout! x2
The hobgoblin barely misses you.
You barely miss the hobgoblin. The hobgoblin hits you.
You hit the hobgoblin but do no damage. The hobgoblin hits you.
You hit the hobgoblin.
The hobgoblin is moderately wounded.
You hit the hobgoblin.
The hobgoblin is almost dead.
The hobgoblin hits you.
You closely miss the hobgoblin.
The hobgoblin is almost dead.
The gnoll completely misses you. The hobgoblin barely misses you.
You hit the hobgoblin.
You kill the hobgoblin!
Things that are here:
a +0 shortbow; 6 poisoned darts; a hobgoblin corpse The gnoll shouts!
The gnoll closely misses you. The gnoll closely misses you.
There is a stone staircase leading up here.
The gnoll hits you with a +4 whip of electrocution!
You climb upwards.
There is a stone staircase leading down here.
Casting: Inner Flame (quite dangerous; 13% risk of failure)
Confirm with . or Enter, or press ? or * to list all spells.
Okay, then.
Casting: Foxfire (safe; 3% risk of failure)
Press: ? - help, Q - select action Dir - look around, f - activate You miscast Foxfire.
You are very lightly contaminated with residual magic.
Nothing appears to happen.
Your magical contamination has completely faded away.
The gnoll hits you with a +4 whip of electrocution.
You are electrocuted!
Ouch! That really hurt!
You die...

.......#.##.##.#.#
######.#.##.##.#.##
#.#.##.##.#..#
###.##.##.##.#
#.......##.#
####.#####.# #.#
#.# #>#####g#
#.....@.# #.#######
#.# ###


You could see a gnoll.

Vanquished Creatures
  3 adders (D:2)
  3 dart slugs (D:2)
  3 endoplasms
  2 giant cockroaches (D:2)
  5 goblins
  6 hobgoblins
  3 quokkas (D:1)
  4 ball pythons
  7 bats
  A frilled lizard (D:1)
  5 kobolds
  5 rats
47 creatures vanquished.

Vanquished Creatures (others)
  129 foxfires
129 creatures vanquished.

Grand Total: 176 creatures vanquished

Notes
Turn   | Place    | Note
-------+----------+-------------------------------------------
     0 | D:1      | CuBeRJAN3 the Deep Elf Fire Elementalist began the quest
                  | for the Orb.
     0 | D:1      | Reached XP level 1. HP: 10/10 MP: 6/6
   217 | D:1      | Found a faded altar of an unknown god.
   328 | D:1      | Reached XP level 2. HP: 16/16 MP: 5/8
   574 | D:1      | Reached skill level 1 in Hexes
  1192 | D:1      | Reached XP level 3. HP: 20/20 MP: 6/10
  1226 | D:1      | Learned a level 3 spell: Conjure Flame
  1230 | D:1      | Learned a level 3 spell: Inner Flame
  1667 | D:2      | Reached skill level 1 in Fighting
  2006 | D:2      | Reached skill level 4 in Spellcasting
  2188 | D:2      | Reached XP level 4. HP: 25/25 MP: 6/12
  2239 | D:2      | Learned a level 4 spell: Sticky Flame
  2624 | D:1      | Mangled by a gnoll

Illustrated notes

Levels and vault maps discovered:
D:1:      sevenhm_arrival_forest_fort_large_1, layout_basic,
          ebering_ecumenical_altar_petrified, hangedman_decor_peaks_small,
          minmay_octomino_e4
D:2:      layout_loops_cross, minmay_between

Skill      XL: |  1  2  3 |
---------------+----------+-----
Hexes          | 1 |  1.4
Fighting       | 1 |  1.3
Spellcasting   | 4 |  4.2
Stealth        | 3 |  3.0
Dodging        | |  2.4
Conjurations   | |  1.8
Fire Magic     | |  3.5

Action                   |  1- 3 |  4- 6 || total
-------------------------+-------+-------++-------
Melee: Dagger            |    14 |     6 ||    20
 Cast: Foxfire           |    75 |    12 ||    87
       Conjure Flame     |     1 |     1 ||     2
       Inner Flame       |     1 |     1 ||     2
 Stab: Sleeping          |     2 |       ||     2
Armor: Robe              |     3 |       ||     3
Dodge: Dodged            |    17 |     5 ||    22
